 Dungeon Crawl Stone Soup version 0.15-a0-1646-g393eda0 (webtiles) character file.

67 Nikss the Ruinous (level 3, -3/26 HPs)
             Began as a Draconian Conjurer on June 22, 2014.
             Slain by Terence
             ... wielding a +0 trident
              (4 damage)
             ... on Level 2 of the Dungeon.
             The game lasted 00:14:54 (1967 turns).

Nikss the Ruinous (Draconian Conjurer)              Turns: 1967, Time: 00:14:54

HP  -3/26        AC  5     Str 10      XL: 3   Next: 98%
MP   1/6         EV 12     Int 16      God:
Gold 179         SH  0     Dex 11      Spells:  1 memorised,  5 levels left

rFire  . . .     SeeInvis .     a - +2 short sword
rCold  . . .     Clarity  .     (armour unavailable)
rNeg   . . .     rCorr    .     (no shield)
rPois  .         rRot     .     (helmet restricted)
rElec  .         Spirit   .     (no cloak)
SustAb .         Warding  .     (no gloves)
rMut   .         Stasis   .     (no boots)
Gourm  .                        (no amulet)
MR     .....                    (no ring)
                                (no ring)

@: about to teleport, not resistant to hostile enchantments, unstealthy
A: unfitting armour, cold-blooded, AC +5
a: no special abilities


You were on level 2 of the Dungeon.
You were very hungry.

You visited 1 branch of the dungeon, and saw 2 of its levels.

You collected 179 gold pieces.

Inventory:

Hand weapons
 a - a +2 short sword (weapon)
 e - a +0 club
 h - a cursed -3 club
 k - a +0 short sword
 n - a +0 dagger
 o - a +0 whip
 p - a +0 club
 r - a +0 dagger
 u - a +0 club
 v - a +0 dagger
 w - a +0 club
 y - a +0 sling
Missiles
 g - 66 stones (quivered)
 j - 58 arrows
Armour
 l - a +0 leather armour
 s - a +0 chain mail
 x - a +0 robe
Comestibles
 b - 2 bread rations
 f - 3 meat rations
Scrolls
 i - a scroll of random uselessness
 m - a scroll of fog
 q - a scroll of identify
 t - 3 scrolls of teleportation
Books
 c - a book of Conjurations

   Spells                             Type                      Level
   *Magic Dart                        Conjuration                  1
   Searing Ray                        Conjuration                  2
   Dazzling Spray                     Conjuration/Hexes            3
   Fulminant Prism                    Conjuration/Hexes            4
   Iskenderun's Mystic Blast          Conjuration                  4
   Iskenderun's Battlesphere          Conjuration/Charms           5


   Skills:
 + Level 0.2 Fighting
 + Level 0.4 Short Blades
 + Level 2.4 Dodging
 + Level 2.1 Stealth
 + Level 2.3 Spellcasting
 + Level 4.8 Conjurations


You had 5 spell levels left.
You knew the following spells:

 Your Spells              Type           Power        Failure   Level  Hunger
a - Magic Dart            Conj           ###.         3%          1    #......


Dungeon Overview and Level Annotations

Branches:
Dungeon (2/15)

Altars:

Annotations:
D:2 Jessica, Terence


Innate Abilities, Weirdness & Mutations

Your plain brown scales are hard (AC +5).
Your body does not fit into most forms of armour.
Your cold-blooded metabolism reacts poorly to cold.


Message History

* * * LOW HITPOINT WARNING * * *
Jessica hits you but does no damage. The hobgoblin barely misses you.
You hit Terence but do no damage.
Terence is severely wounded.
Jessica barely misses you. Terence screams, "I want your blood!"
Terence closely misses you. The hobgoblin closely misses you.
Jessica hits you but does no damage.
You are feeling very hungry.
You hit Terence.
Terence is severely wounded.
Terence misses you. Jessica hits you with a dagger.
* * * LOW HITPOINT WARNING * * *
The hobgoblin hits you with a club.
* * * LOW HITPOINT WARNING * * *
Read which item? (? for menu, Esc to quit)
As you read the scroll of teleportation, it crumbles to dust.
You feel strangely unstable. Jessica hits you but does no damage.
Terence hits you with a trident.
You die...

... .#......#
.........# .
..........# .
...........# .
...........# .
#...........# #
#......@....# #
........@@...#
........g....#
.............#
..............##
#
...............#
######.
#..............#
#......
...............#
#......
..............#
#......
....#####.....#
#...###


You could see Terence, Jessica and a hobgoblin.

Vanquished Creatures
  An adder (D:2)
  2 worms (D:2)
  3 giant geckos
  An ooze (D:1)
  3 goblins
  4 hobgoblins
  5 jackals (D:1)
  A ball python (D:1)
  4 bats (D:1)
  2 giant cockroaches
  3 giant newts
  7 kobolds
  6 rats
42 creatures vanquished.

Notes
Turn   | Place    | Note
--------------------------------------------------------------
     0 | D:1      | Nikss, the Draconian Conjurer, began the quest for the Orb.
     0 | D:1      | Reached XP level 1. HP: 14/14 MP: 3/3
   382 | D:1      | Reached XP level 2. HP: 18/20 MP: 4/4
   774 | D:1      | Reached XP level 3. HP: 26/26 MP: 3/6
  1669 | D:2      | Paralysed by a potion of paralysis for 5 turns
  1873 | D:2      | Noticed Terence
  1951 | D:2      | Noticed Jessica
  1966 | D:2      | HP: 1/26 [hobgoblin/club (1)]
  1967 | D:2      | Slain by Terence

Action                   || total
-------------------------++-------
Melee: Short sword       ||    58
Throw: Stone             ||    13
 Cast: Magic Dart        ||    77
  Use: Scroll            ||     5
       Potion            ||     2
